Arizona Coyotes vs Los Angeles Kings
Created - Monday, February 17, 2025 at 08:13
Goals
|
| Arizona Coyotes |
0 |
2 |
2 |
4 |
| Los Angeles Kings |
3 |
0 |
3 |
6 |
|
Shots
|
| Arizona Coyotes |
7 |
13 |
14 |
34 |
| Los Angeles Kings |
7 |
14 |
15 |
36 |
|
1st period
1. Los Angeles Kings , Seth Jarvis 4 (Logan Cooley 5) at 14:24 (PP)
2. Los Angeles Kings , Adam Fantilli 4 (Andrei Svechnikov 5) at 17:44
3. Los Angeles Kings , Andrei Svechnikov 5 (Alexander Romanov 2, Adam Fantilli 2) at 17:59
Penalties :
Andrei Svechnikov (LAK) for High sticking (Minor) at 0:41, Matt Dumba (AZC) for Cross-checking (Minor) at 3:09, Ryan Donato (AZC) for Slashing (Double Minor) at 9:08, Radko Gudas (AZC) for Tripping (Minor) at 14:14, Trent Frederic (LAK) for Roughing (Minor) at 14:46
2nd period
4. Arizona Coyotes , Tyler Seguin 6 (Mats Zuccarello 12) at 16:14
5. Arizona Coyotes , Tyler Seguin 7 (Charlie Coyle 9, Mats Zuccarello 13) at 16:26 (PP)
Penalties :
Mason McTavish (AZC) for High sticking (Minor) at 3:42, Michael Eyssimont (LAK) for Holding (Minor) at 6:20, Logan Cooley (LAK) for Hooking (Minor) at 12:06, K'Andre Miller (LAK) for Interference (Minor) at 16:21, Jani Hakanpaa (AZC) for High sticking (Minor) at 0:00
3rd period
6. Los Angeles Kings , Andrei Svechnikov 6 (Andrei Kuzmenko 5, Noah Dobson 5) at 0:16 (PP)
7. Los Angeles Kings , Erik Brannstrom 3 (Noah Dobson 6) at 2:25
8. Arizona Coyotes , Charlie Coyle 7 (Mats Zuccarello 14, Tyler Seguin 10) at 3:17
9. Los Angeles Kings , Michael Eyssimont 4 (Owen Power 6, Michael Milne 3) at 14:56
10. Arizona Coyotes , Mason McTavish 7 (Brayden McNabb 3) at 19:39 (PP)
Penalties :
Erik Brannstrom (LAK) for Tripping (Minor) at 3:39, Mason McTavish (AZC) for Tripping (Minor) at 7:22, Andrei Svechnikov (LAK) for Interference (Minor) at 18:50
Goalie Stats
Petr Mrazek (AZC), 4 saves from 7 shots - (0.571), 17:59 minutes
Elvis Merzlikins (AZC), 26 saves from 29 shots - (0.897), L, 5-3-0, 42:01 minutes
Jonas Johansson (LAK), 30 saves from 34 shots - (0.882), W, 1-4-1, 60:00 minutes
Players Stats for Arizona Coyotes
Player Name G A P +/- PIM S H SB GA TA FO MP PP MP PK MP
------------------------------------------------------------------------------------
Brandon Tanev 0 0 0 0 0 2 1 1 0 0 0/1 11:44 0:00 2:54
Brayden McNabb 0 1 1 -1 0 0 1 1 0 1 0/0 26:21 5:26 4:26
Charlie Coyle 1 1 2 -1 0 4 2 1 0 0 17/25 24:53 5:06 4:18
Erik Haula 0 0 0 -1 0 1 3 0 2 0 2/2 18:34 5:23 0:00
Jani Hakanpaa 0 0 0 0 2 3 1 3 1 0 0/0 22:59 5:23 5:02
Jared Spurgeon 0 0 0 -1 0 2 0 2 1 0 0/0 26:21 5:26 4:26
Johnathan Kovacevic 0 0 0 -1 0 1 1 0 0 0 0/0 10:50 0:00 1:05
Kiefer Sherwood 0 0 0 0 0 0 1 0 0 0 1/3 5:36 0:05 1:46
Mark Jankowski 0 0 0 0 0 0 0 0 0 0 0/0 2:11 0:30 0:17
Mason McTavish 1 0 1 -1 4 4 0 0 1 0 12/21 20:57 5:27 1:58
Mats Zuccarello 0 3 3 -1 0 5 0 1 2 0 1/5 21:33 5:08 4:07
Matt Dumba 0 0 0 -1 2 0 0 1 0 1 0/0 10:40 0:00 0:55
Ondrej Palat 0 0 0 0 0 1 0 0 0 0 0/0 3:16 0:00 0:00
Radko Gudas 0 0 0 0 2 1 2 2 0 1 0/0 22:48 5:23 4:52
Ross Colton 0 0 0 0 0 1 1 0 0 0 5/9 9:56 0:17 0:00
Ryan Donato 0 0 0 -1 4 5 0 1 1 0 0/1 19:46 5:27 1:08
Tyler Bertuzzi 0 0 0 0 0 1 0 0 0 0 0/0 9:08 0:00 0:00
Tyler Seguin 2 1 3 -1 0 3 0 0 0 0 2/2 21:59 5:04 4:18
Players Stats for Los Angeles Kings
Player Name G A P +/- PIM S H SB GA TA FO MP PP MP PK MP
------------------------------------------------------------------------------------
Adam Fantilli 1 1 2 1 0 2 0 0 0 1 4/11 17:16 4:34 0:25
Alexander Romanov 0 1 1 0 0 1 0 2 0 0 0/0 24:05 4:18 5:40
Andrei Kuzmenko 0 1 1 1 0 5 0 0 0 0 3/7 19:33 4:09 5:03
Andrei Svechnikov 2 1 3 1 4 5 2 1 2 0 0/1 20:59 4:34 3:47
Blake Wheeler 0 0 0 1 0 1 2 0 1 3 0/0 14:27 1:04 0:00
Cooper Marody 0 0 0 0 0 1 0 0 0 0 3/5 4:22 0:10 0:00
Erik Brannstrom 1 0 1 0 2 2 2 1 0 0 0/1 21:06 4:23 1:28
Jakub Zboril 0 0 0 1 0 0 0 2 0 0 0/0 12:05 0:34 0:00
K'Andre Miller 0 0 0 1 2 2 1 3 0 1 0/0 24:24 5:31 5:09
Logan Cooley 0 1 1 0 2 0 0 0 0 1 11/24 19:59 4:25 4:04
Michael Eyssimont 1 0 1 1 2 6 1 1 0 0 5/10 12:52 0:00 1:50
Michael Milne 0 1 1 1 0 0 2 0 0 0 0/0 11:09 0:55 0:00
Noah Dobson 0 2 2 1 0 4 1 1 0 1 0/0 24:25 5:31 5:09
Owen Power 0 1 1 0 0 2 2 1 0 1 0/0 24:02 4:52 5:40
Ryan Reaves 0 0 0 0 0 0 0 0 0 0 0/0 1:57 0:56 0:00
Seth Jarvis 1 0 1 0 0 4 0 0 0 0 3/9 20:56 4:28 5:01
Trent Frederic 0 0 0 1 2 1 3 0 0 0 0/1 15:27 1:31 0:00
Vitali Kravtsov 0 0 0 0 0 0 0 0 0 0 0/0 0:00 0:00 0:00
3 Stars
1 - Andrei Svechnikov (LAK)
2 - Tyler Seguin (AZC)
3 - Adam Fantilli (LAK)
Power Play
Arizona Coyotes - 2 on 7 Attempt(s) - 28.57%
Los Angeles Kings - 2 on 7 Attempt(s) - 28.57%
Penalty Kill
Arizona Coyotes - 5 on 7 Attempt(s) - 71.43%
- Score 0 goal in Penalty Kill
Los Angeles Kings - 5 on 7 Attempt(s) - 71.43%
- Score 0 goal in Penalty Kill
Team Stat
Arizona Coyotes - Hits : 13 - Faceoff Wins : 40 - Blocked Shots : 13 - Penalty Minutes : 14
Los Angeles Kings - Hits : 16 - Faceoff Wins : 29 - Blocked Shots : 12 - Penalty Minutes : 14
Official
Referees : Eric Furlatt and Jake Brenk
Linesman : James Tobias and Tommy Hughes
Game Notes
Elvis Merzlikins enters game at 17:59 of 1st period
Finance
Level 1 -- Attendance: 4940 (82.33%) -- Ticket Income $494,000
Level 2 -- Attendance: 3638 (72.76%) -- Ticket Income $218,280
Level 3 -- Attendance: 2189 (72.97%) -- Ticket Income $76,615
Level 4 -- Attendance: 3725 (74.50%) -- Ticket Income $93,125
Luxury Box -- Attendance: 790 (79.00%) -- Ticket Income $158,000
Game was played at the Staples Center.
Total Attendance: 15282 (76.41%)
Total Ticket Income: $1,040,020
Other Income: $364,007
Total Income: $1,404,027
Arizona Coyotes
5 vs 5 Forward
Center Left Wing Right Wing Time % Phy DF OF
1 Charlie Coyle Mats Zuccarello Tyler Seguin 32 1 1 3
2 Mason McTavish Erik Haula Ryan Donato 32 1 2 2
3 Ross Colton Brandon Tanev Tyler Bertuzzi 23 1 2 2
4 Kiefer Sherwood Ondrej Palat Charlie Coyle 13 1 2 2
5 vs 5 Defense
Defense Defense Time % Phy DF OF
1 Jared Spurgeon Brayden McNabb 30 1 3 1
2 Jani Hakanpaa Radko Gudas 30 1 3 1
3 Matt Dumba Johnathan Kovacevic 25 1 3 1
4 Jared Spurgeon Brayden McNabb 15 1 3 1
PowerPlay Forward
Center Left Wing Right Wing Time % Phy DF OF
1 Charlie Coyle Mats Zuccarello Tyler Seguin 50 1 1 3
2 Mason McTavish Erik Haula Ryan Donato 50 1 1 3
PowerPlay Defense
Defense Defense Time % Phy DF OF
1 Jared Spurgeon Brayden McNabb 50 1 1 3
2 Jani Hakanpaa Radko Gudas 50 1 1 3
Penalty Kill 4 Players Forward
Center Wing Time % Phy DF OF
1 Charlie Coyle Tyler Seguin 50 1 2 2
2 Mats Zuccarello Mason McTavish 50 1 2 2
Penalty Kill 4 Players Defense
Defense Defense Time % Phy DF OF
1 Jared Spurgeon Brayden McNabb 50 1 2 2
2 Jani Hakanpaa Radko Gudas 50 1 2 2
Penalty Kill - 3 Players Forward
Forward Time % Phy DF OF
1 Charlie Coyle 50 1 3 1
2 Tyler Seguin 50 1 3 1
Penalty Kill - 3 Players Defense
Defense Defense Time % Phy DF OF
1 Jani Hakanpaa Radko Gudas 50 1 3 1
2 Matt Dumba Johnathan Kovacevic 50 1 3 1
4 vs 4 Forward
Center Wing Time % Phy DF OF
1 Charlie Coyle Tyler Seguin 50 1 2 2
2 Mats Zuccarello Mason McTavish 50 1 2 2
4 vs 4 Defense
Defense Defense Time % Phy DF OF
1 Jared Spurgeon Brayden McNabb 50 1 2 2
2 Jani Hakanpaa Radko Gudas 50 1 2 2
Last Minutes Offensive
Center Left Wing Right Wing Defense Defense
Charlie Coyle Mats Zuccarello Tyler Seguin Jared Spurgeon Brayden McNabb
Last Minutes Defensive
Center Left Wing Right Wing Defense Defense
Charlie Coyle Mats Zuccarello Tyler Seguin Jared Spurgeon Brayden McNabb
Goaltenders
Starting : Petr Mrazek
Backup : Elvis Merzlikins
Extra Forwards
Normal : Mark Jankowski, Ross Colton, Brandon Tanev - PP : Mark Jankowski, Ross Colton - PK : Brandon Tanev
Extra Defensemen
Normal : Matt Dumba, Johnathan Kovacevic, Jani Hakanpaa - PP : Matt Dumba - PK : Johnathan Kovacevic, Jani Hakanpaa
Penalty Shots
Charlie Coyle, Tyler Seguin, Mats Zuccarello, Mason McTavish, Erik Haula
Scratches
Jayden Struble (Healthy), Anthony Deangelo (Healthy), Corson Ceulemans (Healthy)
Los Angeles Kings
5 vs 5 Forward
Center Left Wing Right Wing Time % Phy DF OF
1 Logan Cooley Erik Brannstrom Seth Jarvis 30 1 2 2
2 Adam Fantilli Trent Frederic Andrei Svechnikov 30 1 2 2
3 Michael Eyssimont Michael Milne Andrei Kuzmenko 25 1 2 2
4 Cooper Marody Erik Brannstrom Blake Wheeler 15 1 2 2
5 vs 5 Defense
Defense Defense Time % Phy DF OF
1 Noah Dobson K'Andre Miller 35 1 2 2
2 Alexander Romanov Owen Power 35 1 2 2
3 Jakub Zboril Blake Wheeler 30 1 2 2
4 Noah Dobson K'Andre Miller 0 1 2 2
PowerPlay Forward
Center Left Wing Right Wing Time % Phy DF OF
1 Logan Cooley Erik Brannstrom Seth Jarvis 50 1 2 2
2 Adam Fantilli Andrei Kuzmenko Andrei Svechnikov 50 1 2 2
PowerPlay Defense
Defense Defense Time % Phy DF OF
1 Noah Dobson K'Andre Miller 50 1 2 2
2 Alexander Romanov Owen Power 50 1 2 2
Penalty Kill 4 Players Forward
Center Wing Time % Phy DF OF
1 Seth Jarvis Andrei Svechnikov 50 1 2 2
2 Andrei Kuzmenko Logan Cooley 50 1 2 2
Penalty Kill 4 Players Defense
Defense Defense Time % Phy DF OF
1 Noah Dobson K'Andre Miller 50 1 2 2
2 Alexander Romanov Owen Power 50 1 2 2
Penalty Kill - 3 Players Forward
Forward Time % Phy DF OF
1 Seth Jarvis 50 1 2 2
2 Andrei Svechnikov 50 1 2 2
Penalty Kill - 3 Players Defense
Defense Defense Time % Phy DF OF
1 Noah Dobson K'Andre Miller 50 1 2 2
2 Alexander Romanov Owen Power 50 1 2 2
4 vs 4 Forward
Center Wing Time % Phy DF OF
1 Seth Jarvis Andrei Svechnikov 50 1 2 2
2 Andrei Kuzmenko Logan Cooley 50 1 2 2
4 vs 4 Defense
Defense Defense Time % Phy DF OF
1 Noah Dobson K'Andre Miller 50 1 2 2
2 Alexander Romanov Owen Power 50 1 2 2
Last Minutes Offensive
Center Left Wing Right Wing Defense Defense
Logan Cooley Erik Brannstrom Seth Jarvis Noah Dobson K'Andre Miller
Last Minutes Defensive
Center Left Wing Right Wing Defense Defense
Logan Cooley Erik Brannstrom Seth Jarvis Noah Dobson K'Andre Miller
Goaltenders
Starting : Jonas Johansson
Backup : Andrei Vasilevskiy
Extra Forwards
Normal : Trent Frederic, Ryan Reaves, Michael Eyssimont - PP : Trent Frederic, Ryan Reaves - PK : Michael Eyssimont
Extra Defensemen
Normal : Jakub Zboril, Erik Brannstrom, Alexander Romanov - PP : Jakub Zboril - PK : Erik Brannstrom, Alexander Romanov
Penalty Shots
Seth Jarvis, Andrei Svechnikov, Andrei Kuzmenko, Logan Cooley, Blake Wheeler
Scratches
Peyton Krebs (Healthy)
% Time on Ice - Arizona Coyotes
Lines # - Real PCT - Wanted PCT - Time Play
Normal Forward
1 - 33% - 32% - 12:44
2 - 35% - 32% - 13:40
3 - 24% - 23% - 9:08
4 - 8% - 13% - 3:16
Normal Defense
1 - 33% - 30% - 12:43
2 - 32% - 30% - 12:34
3 - 25% - 25% - 9:44
4 - 10% - 15% - 3:47
PP Forward
1 - 48% - 50% - 5:09
2 - 52% - 50% - 5:40
PP Defense
1 - 50% - 50% - 5:26
2 - 50% - 50% - 5:23
PK Forward
1 - 47% - 50% - 4:55
2 - 53% - 50% - 5:28
PK Defense
1 - 44% - 50% - 4:37
2 - 56% - 50% - 5:46
PK3 Forward
1 - 0% - 50%
2 - 0% - 50%
PK3 Defense
1 - 0% - 50%
2 - 0% - 50%
44 Forward
1 - 0% - 50%
2 - 0% - 50%
44 Defense
1 - 0% - 50%
2 - 0% - 50%
Last Minute Offensive - 0:00
Last Minute Defensive - 0:00
Total
Forward - 60:00
Defense - 60:00
|
% Time on Ice - Los Angeles Kings
Lines # - Real PCT - Wanted PCT - Time Play
Normal Forward
1 - 30% - 30% - 11:35
2 - 33% - 30% - 12:47
3 - 26% - 25% - 10:14
4 - 11% - 15% - 4:12
Normal Defense
1 - 35% - 35% - 13:45
2 - 36% - 35% - 14:07
3 - 28% - 30% - 10:56
4 - 0% - 0% - 0:00
PP Forward
1 - 54% - 50% - 5:34
2 - 46% - 50% - 4:49
PP Defense
1 - 53% - 50% - 5:31
2 - 47% - 50% - 4:52
PK Forward
1 - 48% - 50% - 5:14
2 - 52% - 50% - 5:35
PK Defense
1 - 48% - 50% - 5:09
2 - 52% - 50% - 5:40
PK3 Forward
1 - 0% - 50%
2 - 0% - 50%
PK3 Defense
1 - 0% - 50%
2 - 0% - 50%
44 Forward
1 - 0% - 50%
2 - 0% - 50%
44 Defense
1 - 0% - 50%
2 - 0% - 50%
Last Minute Offensive - 0:00
Last Minute Defensive - 0:00
Total
Forward - 60:00
Defense - 60:00
|
Play-by-Play
1st period
0:01 of 1st period - Tyler Seguin wins face-off versus Logan Cooley in neutral zone.
0:26 of 1st period - Erik Haula is hit by Trent Frederic and loses puck.
0:41 of 1st period - Minor Penalty to Andrei Svechnikov for High sticking.
0:42 of 1st period - Charlie Coyle wins face-off versus Seth Jarvis in Los Angeles Kings zone.
1:09 of 1st period - K'Andre Miller is hit by Jani Hakanpaa.
2:41 of 1st period - Penalty to Andrei Svechnikov is over, Andrei Svechnikov is back on ice.
2:48 of 1st period - Snap shot by Kiefer Sherwood.
2:48 of 1st period - Shot Misses the Net.
2:56 of 1st period - Snap shot by Andrei Kuzmenko.
2:56 of 1st period - Stopped by Petr Mrazek with a rebound.
3:02 of 1st period - Wrist shot by Andrei Kuzmenko.
3:02 of 1st period - Shot Misses the Net.
3:09 of 1st period - Minor Penalty to Matt Dumba for Cross-checking.
3:10 of 1st period - Logan Cooley wins face-off versus Mats Zuccarello in Arizona Coyotes zone.
3:24 of 1st period - Snap shot by Seth Jarvis.
3:24 of 1st period - Deflect By Logan Cooley.
3:24 of 1st period - Shot Misses the Net.
3:24 of 1st period - Puck is out of play.
3:25 of 1st period - Charlie Coyle wins face-off versus Logan Cooley in Arizona Coyotes zone.
5:09 of 1st period - Penalty to Matt Dumba is over, Matt Dumba is back on ice.
5:37 of 1st period - Matt Dumba is hit by Blake Wheeler and loses puck.
6:02 of 1st period - Owen Power is hit by Radko Gudas and loses puck.
6:18 of 1st period - Icing by Logan Cooley.
6:19 of 1st period - Logan Cooley wins face-off versus Kiefer Sherwood in Los Angeles Kings zone.
6:30 of 1st period - Wrist shot by Logan Cooley.
6:30 of 1st period - Shot Misses the Net.
6:43 of 1st period - Off-side.
6:44 of 1st period - Ross Colton wins face-off versus Erik Brannstrom in neutral zone.
7:54 of 1st period - Icing by Mason McTavish.
7:55 of 1st period - Mason McTavish wins face-off versus Logan Cooley in Arizona Coyotes zone.
8:06 of 1st period - Snap shot by Mason McTavish.
8:06 of 1st period - Shot Blocked by Jakub Zboril.
8:16 of 1st period - Snap shot by Mason McTavish.
8:16 of 1st period - Deflect By Ryan Donato.
8:16 of 1st period - Stopped by Jonas Johansson with a rebound.
8:26 of 1st period - Slapshot by Erik Haula.
8:26 of 1st period - Stopped by Jonas Johansson with a rebound.
9:08 of 1st period - Double Minor Penalty to Ryan Donato for Slashing.
9:09 of 1st period - Adam Fantilli wins face-off versus Charlie Coyle in Arizona Coyotes zone.
9:25 of 1st period - Slapshot by Andrei Kuzmenko.
9:25 of 1st period - Shot Blocked by Charlie Coyle.
10:00 of 1st period - Erik Brannstrom is hit by Charlie Coyle and loses puck.
11:02 of 1st period - Kiefer Sherwood is hit by Andrei Svechnikov and loses puck.
11:29 of 1st period - Snap shot by Noah Dobson.
11:29 of 1st period - Shot Blocked by Jani Hakanpaa.
11:31 of 1st period - Slapshot by K'Andre Miller.
11:31 of 1st period - Stopped by Petr Mrazek with a rebound.
11:33 of 1st period - Slapshot by Noah Dobson.
11:33 of 1st period - Stopped by Petr Mrazek with a rebound.
13:08 of 1st period - Penalty to Ryan Donato is over, Ryan Donato is back on ice.
13:12 of 1st period - Andrei Svechnikov is hit by Johnathan Kovacevic and loses puck.
14:14 of 1st period - Minor Penalty to Radko Gudas for Tripping.
14:15 of 1st period - Logan Cooley wins face-off versus Mats Zuccarello in Arizona Coyotes zone.
14:22 of 1st period - Snap shot by Seth Jarvis.
14:22 of 1st period - Stopped by Petr Mrazek with a rebound.
14:24 of 1st period - Wrist shot by Seth Jarvis.
14:24 of 1st period - Goal by Seth Jarvis - Arizona Coyotes : 0 - Los Angeles Kings : 1.
14:25 of 1st period - Charlie Coyle wins face-off versus Adam Fantilli in neutral zone.
14:36 of 1st period - Snap shot by Charlie Coyle.
14:36 of 1st period - Shot Blocked by K'Andre Miller.
14:38 of 1st period - Snap shot by Charlie Coyle.
14:38 of 1st period - Shot Misses the Net.
14:40 of 1st period - Snap shot by Jani Hakanpaa.
14:40 of 1st period - Deflect By Adam Fantilli.
14:40 of 1st period - Stopped by Jonas Johansson with a rebound.
14:46 of 1st period - Minor Penalty to Trent Frederic for Roughing.
14:47 of 1st period - Andrei Kuzmenko wins face-off versus Mason McTavish in Los Angeles Kings zone.
14:55 of 1st period - Off-side.
14:56 of 1st period - Seth Jarvis wins face-off versus Mason McTavish in neutral zone.
15:15 of 1st period - Wrist shot by Ryan Donato.
15:15 of 1st period - Stopped by Jonas Johansson with a rebound.
15:17 of 1st period - Snap shot by Brayden McNabb.
15:17 of 1st period - Shot Misses the Net.
15:19 of 1st period - Wrist shot by Mason McTavish.
15:19 of 1st period - Stopped by Jonas Johansson with a rebound.
15:21 of 1st period - Wrist shot by Mason McTavish.
15:21 of 1st period - Stopped by Jonas Johansson without a rebound.
15:22 of 1st period - Andrei Kuzmenko wins face-off versus Charlie Coyle in Los Angeles Kings zone.
15:51 of 1st period - Wrist shot by Seth Jarvis.
15:51 of 1st period - Shot Misses the Net.
16:46 of 1st period - Penalty to Trent Frederic is over, Trent Frederic is back on ice.
16:50 of 1st period - Icing by Jani Hakanpaa.
16:51 of 1st period - Cooper Marody wins face-off versus Mason McTavish in Arizona Coyotes zone.
17:26 of 1st period - Andrei Kuzmenko is hit by Charlie Coyle and loses puck.
17:37 of 1st period - Matt Dumba is hit by Trent Frederic and loses puck.
17:44 of 1st period - Snap shot by Adam Fantilli.
17:44 of 1st period - Goal by Adam Fantilli - Arizona Coyotes : 0 - Los Angeles Kings : 2.
17:45 of 1st period - Mason McTavish wins face-off versus Adam Fantilli in neutral zone.
17:57 of 1st period - Wrist shot by Andrei Svechnikov.
17:57 of 1st period - Shot Blocked by Ryan Donato.
17:59 of 1st period - Slapshot by Alexander Romanov.
17:59 of 1st period - Deflect By Andrei Svechnikov.
17:59 of 1st period - Goal by Andrei Svechnikov - Arizona Coyotes : 0 - Los Angeles Kings : 3.
17:59 of 1st period - Elvis Merzlikins enters game.
18:00 of 1st period - Logan Cooley wins face-off versus Charlie Coyle in neutral zone.
18:05 of 1st period - Slapshot by Noah Dobson.
18:05 of 1st period - Shot Blocked by Radko Gudas.
18:14 of 1st period - Off-side.
18:15 of 1st period - Charlie Coyle wins face-off versus Michael Eyssimont in neutral zone.
18:28 of 1st period - Wrist shot by Mats Zuccarello.
18:28 of 1st period - Stopped by Jonas Johansson with a rebound.
18:49 of 1st period - Jani Hakanpaa is hit by Trent Frederic and loses puck.
18:57 of 1st period - Icing by Jani Hakanpaa.
18:58 of 1st period - Logan Cooley wins face-off versus Mason McTavish in Arizona Coyotes zone.
19:25 of 1st period - Jared Spurgeon is hit by Owen Power and loses puck.
19:49 of 1st period - Off-side.
19:50 of 1st period - Logan Cooley wins face-off versus Charlie Coyle in neutral zone.
Goals for this period are 0 for Arizona Coyotes vs 3 for Los Angeles Kings.
Shots for this period are 7 for Arizona Coyotes vs 7 for Los Angeles Kings.
2nd period
0:01 of 2nd period - Charlie Coyle wins face-off versus Michael Eyssimont in neutral zone.
0:06 of 2nd period - Wrist shot by Charlie Coyle.
0:06 of 2nd period - Shot Misses the Net.
0:16 of 2nd period - Charlie Coyle is hit by Michael Milne and loses puck.
0:29 of 2nd period - Icing by Mats Zuccarello.
0:30 of 2nd period - Logan Cooley wins face-off versus Charlie Coyle in Arizona Coyotes zone.
0:33 of 2nd period - Wrist shot by Logan Cooley.
0:33 of 2nd period - Shot Misses the Net.
0:35 of 2nd period - Wrist shot by Erik Brannstrom.
0:35 of 2nd period - Deflect By Mats Zuccarello.
0:35 of 2nd period - Shot Blocked by Jani Hakanpaa.
0:35 of 2nd period - Puck is out of play.
0:36 of 2nd period - Erik Haula wins face-off versus Adam Fantilli in Arizona Coyotes zone.
0:49 of 2nd period - Wrist shot by Adam Fantilli.
0:49 of 2nd period - Stopped by Elvis Merzlikins with a rebound.
1:01 of 2nd period - Wrist shot by Logan Cooley.
1:01 of 2nd period - Shot Blocked by Radko Gudas.
1:03 of 2nd period - Slapshot by Owen Power.
1:03 of 2nd period - Stopped by Elvis Merzlikins with a rebound.
1:05 of 2nd period - Slapshot by Seth Jarvis.
1:05 of 2nd period - Shot Misses the Net.
1:47 of 2nd period - Wrist shot by Mason McTavish.
1:47 of 2nd period - Shot Misses the Net.
1:59 of 2nd period - Wrist shot by Blake Wheeler.
1:59 of 2nd period - Stopped by Elvis Merzlikins with a rebound.
2:01 of 2nd period - Slapshot by K'Andre Miller.
2:01 of 2nd period - Deflect By Johnathan Kovacevic.
2:01 of 2nd period - Stopped by Elvis Merzlikins with a rebound.
2:03 of 2nd period - Wrist shot by Cooper Marody.
2:03 of 2nd period - Deflect By Erik Brannstrom.
2:03 of 2nd period - Shot Hit the Post.
2:03 of 2nd period - Puck is out of play.
2:04 of 2nd period - Cooper Marody wins face-off versus Ross Colton in Arizona Coyotes zone.
2:05 of 2nd period - Wrist shot by Trent Frederic.
2:05 of 2nd period - Shot Misses the Net.
2:30 of 2nd period - Mats Zuccarello is hit by Michael Milne and loses puck.
2:35 of 2nd period - Wrist shot by Michael Eyssimont.
2:35 of 2nd period - Stopped by Elvis Merzlikins without a rebound.
2:36 of 2nd period - Tyler Seguin wins face-off versus Michael Eyssimont in Arizona Coyotes zone.
2:51 of 2nd period - Snap shot by Michael Eyssimont.
2:51 of 2nd period - Stopped by Elvis Merzlikins with a rebound.
2:53 of 2nd period - Wrist shot by Andrei Kuzmenko.
2:53 of 2nd period - Shot Misses the Net.
2:55 of 2nd period - Slapshot by Alexander Romanov.
2:55 of 2nd period - Stopped by Elvis Merzlikins with a rebound.
3:03 of 2nd period - Slapshot by Michael Eyssimont.
3:03 of 2nd period - Stopped by Elvis Merzlikins with a rebound.
3:05 of 2nd period - Snap shot by Michael Eyssimont.
3:05 of 2nd period - Shot Blocked by Mats Zuccarello.
3:11 of 2nd period - Wrist shot by Michael Eyssimont.
3:11 of 2nd period - Shot Misses the Net.
3:33 of 2nd period - Snap shot by Andrei Kuzmenko.
3:33 of 2nd period - Stopped by Elvis Merzlikins with a rebound.
3:39 of 2nd period - Snap shot by Andrei Kuzmenko.
3:39 of 2nd period - Stopped by Elvis Merzlikins without a rebound.
3:40 of 2nd period - Mason McTavish wins face-off versus Seth Jarvis in Arizona Coyotes zone.
3:42 of 2nd period - Minor Penalty to Mason McTavish for High sticking.
3:43 of 2nd period - Logan Cooley wins face-off versus Mats Zuccarello in Arizona Coyotes zone.
3:53 of 2nd period - Snap shot by Seth Jarvis.
3:53 of 2nd period - Shot Blocked by Brandon Tanev.
5:09 of 2nd period - Seth Jarvis is hit by Kiefer Sherwood and loses puck.
5:42 of 2nd period - Penalty to Mason McTavish is over, Mason McTavish is back on ice.
6:12 of 2nd period - Wrist shot by Tyler Bertuzzi.
6:12 of 2nd period - Deflect By Ross Colton.
6:12 of 2nd period - Stopped by Jonas Johansson with a rebound.
6:14 of 2nd period - Wrist shot by Tyler Bertuzzi.
6:14 of 2nd period - Shot Blocked by Michael Eyssimont.
6:20 of 2nd period - Minor Penalty to Michael Eyssimont for Holding.
6:21 of 2nd period - Mason McTavish wins face-off versus Seth Jarvis in Los Angeles Kings zone.
6:24 of 2nd period - Snap shot by Mason McTavish.
6:24 of 2nd period - Shot Blocked by Andrei Svechnikov.
6:26 of 2nd period - Slapshot by Jani Hakanpaa.
6:26 of 2nd period - Stopped by Jonas Johansson without a rebound.
6:27 of 2nd period - Seth Jarvis wins face-off versus Mason McTavish in Los Angeles Kings zone.
6:40 of 2nd period - Snap shot by Ryan Donato.
6:40 of 2nd period - Shot Misses the Net.
6:42 of 2nd period - Wrist shot by Mason McTavish.
6:42 of 2nd period - Shot Misses the Net.
8:20 of 2nd period - Penalty to Michael Eyssimont is over, Michael Eyssimont is back on ice.
8:33 of 2nd period - Wrist shot by Blake Wheeler.
8:33 of 2nd period - Deflect By Cooper Marody.
8:33 of 2nd period - Stopped by Elvis Merzlikins with a rebound.
9:03 of 2nd period - Tyler Bertuzzi is hit by Blake Wheeler and loses puck.
9:24 of 2nd period - Slapshot by Noah Dobson.
9:24 of 2nd period - Stopped by Elvis Merzlikins without a rebound.
9:25 of 2nd period - Logan Cooley wins face-off versus Ryan Donato in Arizona Coyotes zone.
9:26 of 2nd period - Wrist shot by Seth Jarvis.
9:26 of 2nd period - Stopped by Elvis Merzlikins with a rebound.
9:54 of 2nd period - Snap shot by Charlie Coyle.
9:54 of 2nd period - Shot Misses the Net.
10:12 of 2nd period - Snap shot by Brandon Tanev.
10:12 of 2nd period - Stopped by Jonas Johansson with a rebound.
10:30 of 2nd period - Wrist shot by Charlie Coyle.
10:30 of 2nd period - Stopped by Jonas Johansson with a rebound.
10:42 of 2nd period - Snap shot by Mason McTavish.
10:42 of 2nd period - Stopped by Jonas Johansson without a rebound.
10:43 of 2nd period - Adam Fantilli wins face-off versus Mason McTavish in Los Angeles Kings zone.
11:11 of 2nd period - Andrei Svechnikov is hit by Erik Haula and loses puck.
11:31 of 2nd period - Snap shot by Andrei Svechnikov.
11:31 of 2nd period - Stopped by Elvis Merzlikins with a rebound.
11:33 of 2nd period - Slapshot by Andrei Svechnikov.
11:33 of 2nd period - Shot Misses the Net.
11:55 of 2nd period - Wrist shot by Ryan Donato.
11:55 of 2nd period - Stopped by Jonas Johansson without a rebound.
11:56 of 2nd period - Logan Cooley wins face-off versus Charlie Coyle in Los Angeles Kings zone.
12:01 of 2nd period - Snap shot by Charlie Coyle.
12:01 of 2nd period - Shot Misses the Net.
12:06 of 2nd period - Minor Penalty to Logan Cooley for Hooking.
12:07 of 2nd period - Charlie Coyle wins face-off versus Andrei Kuzmenko in Los Angeles Kings zone.
12:23 of 2nd period - Wrist shot by Tyler Seguin.
12:23 of 2nd period - Shot Misses the Net.
13:39 of 2nd period - Alexander Romanov is hit by Brayden McNabb and loses puck.
14:06 of 2nd period - Penalty to Logan Cooley is over, Logan Cooley is back on ice.
14:13 of 2nd period - Off-side.
14:14 of 2nd period - Ross Colton wins face-off versus Cooper Marody in neutral zone.
14:19 of 2nd period - Snap shot by Ross Colton.
14:19 of 2nd period - Shot Hit the Post.
14:21 of 2nd period - Wrist shot by Brandon Tanev.
14:21 of 2nd period - Stopped by Jonas Johansson without a rebound.
14:22 of 2nd period - Ross Colton wins face-off versus Andrei Svechnikov in Los Angeles Kings zone.
15:29 of 2nd period - Snap shot by Tyler Bertuzzi.
15:29 of 2nd period - Stopped by Jonas Johansson with a rebound.
15:31 of 2nd period - Wrist shot by Brandon Tanev.
15:31 of 2nd period - Shot Misses the Net.
15:33 of 2nd period - Wrist shot by Brandon Tanev.
15:33 of 2nd period - Shot Blocked by K'Andre Miller.
15:35 of 2nd period - Slapshot by Johnathan Kovacevic.
15:35 of 2nd period - Stopped by Jonas Johansson without a rebound.
15:36 of 2nd period - Michael Eyssimont wins face-off versus Charlie Coyle in Los Angeles Kings zone.
15:41 of 2nd period - Radko Gudas is hit by Owen Power and loses puck.
16:14 of 2nd period - Snap shot by Tyler Seguin.
16:14 of 2nd period - Goal by Tyler Seguin - Arizona Coyotes : 1 - Los Angeles Kings : 3.
16:15 of 2nd period - Mason McTavish wins face-off versus Seth Jarvis in neutral zone.
16:21 of 2nd period - Minor Penalty to K'Andre Miller for Interference.
16:22 of 2nd period - Charlie Coyle wins face-off versus Seth Jarvis in Los Angeles Kings zone.
16:24 of 2nd period - Slapshot by Charlie Coyle.
16:24 of 2nd period - Stopped by Jonas Johansson with a rebound.
16:26 of 2nd period - Snap shot by Tyler Seguin.
16:26 of 2nd period - Goal by Tyler Seguin - Arizona Coyotes : 2 - Los Angeles Kings : 3.
16:27 of 2nd period - Mats Zuccarello wins face-off versus Logan Cooley in neutral zone.
17:38 of 2nd period - Snap shot by Ondrej Palat.
17:38 of 2nd period - Stopped by Jonas Johansson with a rebound.
17:44 of 2nd period - Wrist shot by Kiefer Sherwood.
17:44 of 2nd period - Shot Misses the Net.
19:42 of 2nd period - Alexander Romanov is hit by Radko Gudas and loses puck.
Goals for this period are 2 for Arizona Coyotes vs 0 for Los Angeles Kings.
Shots for this period are 13 for Arizona Coyotes vs 14 for Los Angeles Kings.
0:00 of 3rd period - Minor Penalty to Jani Hakanpaa for High sticking.
Goals for this period are 2 for Arizona Coyotes vs 0 for Los Angeles Kings.
Shots for this period are 13 for Arizona Coyotes vs 14 for Los Angeles Kings.
3rd period
0:01 of 3rd period - Charlie Coyle wins face-off versus Adam Fantilli in neutral zone.
0:16 of 3rd period - Snap shot by Andrei Svechnikov.
0:16 of 3rd period - Goal by Andrei Svechnikov - Arizona Coyotes : 2 - Los Angeles Kings : 4.
0:17 of 3rd period - Charlie Coyle wins face-off versus Logan Cooley in neutral zone.
0:42 of 3rd period - Erik Haula is hit by K'Andre Miller and loses puck.
0:51 of 3rd period - Slapshot by Adam Fantilli.
0:51 of 3rd period - Shot Blocked by Jared Spurgeon.
0:53 of 3rd period - Snap shot by Trent Frederic.
0:53 of 3rd period - Shot Blocked by Jared Spurgeon.
1:09 of 3rd period - Slapshot by Michael Eyssimont.
1:09 of 3rd period - Stopped by Elvis Merzlikins with a rebound.
1:31 of 3rd period - Tyler Bertuzzi is hit by Erik Brannstrom.
1:53 of 3rd period - Snap shot by Andrei Svechnikov.
1:53 of 3rd period - Stopped by Elvis Merzlikins without a rebound.
1:54 of 3rd period - Adam Fantilli wins face-off versus Ross Colton in Arizona Coyotes zone.
2:25 of 3rd period - Snap shot by Erik Brannstrom.
2:25 of 3rd period - Goal by Erik Brannstrom - Arizona Coyotes : 2 - Los Angeles Kings : 5.
2:26 of 3rd period - Seth Jarvis wins face-off versus Mats Zuccarello in neutral zone.
2:53 of 3rd period - Trent Frederic is hit by Erik Haula.
2:59 of 3rd period - Snap shot by Andrei Svechnikov.
2:59 of 3rd period - Shot Blocked by Brayden McNabb.
3:01 of 3rd period - Snap shot by Trent Frederic.
3:01 of 3rd period - Stopped by Elvis Merzlikins without a rebound.
3:02 of 3rd period - Charlie Coyle wins face-off versus Logan Cooley in Arizona Coyotes zone.
3:15 of 3rd period - Wrist shot by Charlie Coyle.
3:15 of 3rd period - Shot Blocked by Erik Brannstrom.
3:17 of 3rd period - Backhand shot by Charlie Coyle.
3:17 of 3rd period - Goal by Charlie Coyle - Arizona Coyotes : 3 - Los Angeles Kings : 5.
3:18 of 3rd period - Charlie Coyle wins face-off versus Logan Cooley in neutral zone.
3:39 of 3rd period - Minor Penalty to Erik Brannstrom for Tripping.
3:40 of 3rd period - Charlie Coyle wins face-off versus Seth Jarvis in Los Angeles Kings zone.
3:49 of 3rd period - Wrist shot by Mats Zuccarello.
3:49 of 3rd period - Shot Blocked by Noah Dobson.
3:51 of 3rd period - Slapshot by Mats Zuccarello.
3:51 of 3rd period - Stopped by Jonas Johansson with a rebound.
5:39 of 3rd period - Penalty to Erik Brannstrom is over, Erik Brannstrom is back on ice.
5:49 of 3rd period - Off-side.
5:50 of 3rd period - Ross Colton wins face-off versus Cooper Marody in neutral zone.
6:06 of 3rd period - Off-side.
6:07 of 3rd period - Michael Eyssimont wins face-off versus Mason McTavish in neutral zone.
7:02 of 3rd period - Wrist shot by Andrei Svechnikov.
7:02 of 3rd period - Stopped by Elvis Merzlikins without a rebound.
7:03 of 3rd period - Mason McTavish wins face-off versus Logan Cooley in Arizona Coyotes zone.
7:03 of 3rd period - Mason McTavish is hit by Erik Brannstrom.
7:22 of 3rd period - Minor Penalty to Mason McTavish for Tripping.
7:23 of 3rd period - Charlie Coyle wins face-off versus Andrei Kuzmenko in Arizona Coyotes zone.
7:51 of 3rd period - Seth Jarvis is hit by Brandon Tanev and loses puck.
7:58 of 3rd period - Snap shot by Brandon Tanev.
7:58 of 3rd period - Shot Misses the Net.
8:00 of 3rd period - Snap shot by Mats Zuccarello.
8:00 of 3rd period - Stopped by Jonas Johansson with a rebound.
8:02 of 3rd period - Snap shot by Mats Zuccarello.
8:02 of 3rd period - Shot Misses the Net.
8:38 of 3rd period - Slapshot by Noah Dobson.
8:38 of 3rd period - Deflect By Erik Brannstrom.
8:38 of 3rd period - Stopped by Elvis Merzlikins with a rebound.
8:56 of 3rd period - Wrist shot by Andrei Kuzmenko.
8:56 of 3rd period - Stopped by Elvis Merzlikins without a rebound.
8:57 of 3rd period - Adam Fantilli wins face-off versus Brandon Tanev in Arizona Coyotes zone.
9:22 of 3rd period - Penalty to Mason McTavish is over, Mason McTavish is back on ice.
9:38 of 3rd period - Slapshot by Radko Gudas.
9:38 of 3rd period - Stopped by Jonas Johansson without a rebound.
9:39 of 3rd period - Cooper Marody wins face-off versus Ross Colton in Los Angeles Kings zone.
10:18 of 3rd period - Icing by Matt Dumba.
10:19 of 3rd period - Michael Eyssimont wins face-off versus Mason McTavish in Arizona Coyotes zone.
10:20 of 3rd period - Wrist shot by Andrei Kuzmenko.
10:20 of 3rd period - Shot Blocked by Matt Dumba.
10:22 of 3rd period - Snap shot by Noah Dobson.
10:22 of 3rd period - Shot Misses the Net.
10:24 of 3rd period - Slapshot by Noah Dobson.
10:24 of 3rd period - Stopped by Elvis Merzlikins without a rebound.
10:25 of 3rd period - Charlie Coyle wins face-off versus Logan Cooley in Arizona Coyotes zone.
10:29 of 3rd period - Off-side.
10:30 of 3rd period - Charlie Coyle wins face-off versus Logan Cooley in neutral zone.
10:39 of 3rd period - Wrist shot by Charlie Coyle.
10:39 of 3rd period - Stopped by Jonas Johansson with a rebound.
10:41 of 3rd period - Snap shot by Tyler Seguin.
10:41 of 3rd period - Stopped by Jonas Johansson with a rebound.
10:43 of 3rd period - Snap shot by Charlie Coyle.
10:43 of 3rd period - Shot Misses the Net.
10:45 of 3rd period - Slapshot by Jared Spurgeon.
10:45 of 3rd period - Stopped by Jonas Johansson with a rebound.
11:45 of 3rd period - Snap shot by Erik Brannstrom.
11:45 of 3rd period - Shot Blocked by Jani Hakanpaa.
12:05 of 3rd period - Snap shot by Ryan Donato.
12:05 of 3rd period - Stopped by Jonas Johansson without a rebound.
12:06 of 3rd period - Michael Eyssimont wins face-off versus Ross Colton in Los Angeles Kings zone.
12:17 of 3rd period - Michael Eyssimont is hit by Ross Colton and loses puck.
12:26 of 3rd period - Brandon Tanev is hit by Michael Eyssimont and loses puck.
12:41 of 3rd period - Slapshot by Ryan Donato.
12:41 of 3rd period - Stopped by Jonas Johansson with a rebound.
12:57 of 3rd period - Tyler Seguin is hit by Andrei Svechnikov and loses puck.
13:26 of 3rd period - Snap shot by Erik Haula.
13:26 of 3rd period - Deflect By Andrei Svechnikov.
13:26 of 3rd period - Shot Misses the Net.
13:26 of 3rd period - Puck is out of play.
13:27 of 3rd period - Mason McTavish wins face-off versus Logan Cooley in Los Angeles Kings zone.
13:28 of 3rd period - Snap shot by Ryan Donato.
13:28 of 3rd period - Shot Misses the Net.
13:30 of 3rd period - Slapshot by Mason McTavish.
13:30 of 3rd period - Shot Blocked by Alexander Romanov.
13:32 of 3rd period - Slapshot by Jani Hakanpaa.
13:32 of 3rd period - Stopped by Jonas Johansson without a rebound.
13:33 of 3rd period - Charlie Coyle wins face-off versus Logan Cooley in Los Angeles Kings zone.
13:57 of 3rd period - Off-side.
13:58 of 3rd period - Mason McTavish wins face-off versus Adam Fantilli in neutral zone.
14:00 of 3rd period - Off-side.
14:01 of 3rd period - Mason McTavish wins face-off versus Adam Fantilli in neutral zone.
14:04 of 3rd period - K'Andre Miller is hit by Erik Haula and loses puck.
14:27 of 3rd period - Snap shot by Ryan Donato.
14:27 of 3rd period - Shot Misses the Net.
14:37 of 3rd period - Mats Zuccarello is hit by Noah Dobson and loses puck.
14:50 of 3rd period - Slapshot by Michael Eyssimont.
14:50 of 3rd period - Shot Misses the Net.
14:52 of 3rd period - Wrist shot by Michael Milne.
14:52 of 3rd period - Shot Misses the Net.
14:54 of 3rd period - Slapshot by Owen Power.
14:54 of 3rd period - Stopped by Elvis Merzlikins with a rebound.
14:56 of 3rd period - Wrist shot by Michael Eyssimont.
14:56 of 3rd period - Goal by Michael Eyssimont - Arizona Coyotes : 3 - Los Angeles Kings : 6.
14:57 of 3rd period - Logan Cooley wins face-off versus Mason McTavish in neutral zone.
15:10 of 3rd period - Wrist shot by Ryan Donato.
15:10 of 3rd period - Shot Misses the Net.
15:12 of 3rd period - Snap shot by Erik Haula.
15:12 of 3rd period - Shot Misses the Net.
16:05 of 3rd period - Wrist shot by Ondrej Palat.
16:05 of 3rd period - Shot Blocked by Alexander Romanov.
16:38 of 3rd period - Wrist shot by Michael Eyssimont.
16:38 of 3rd period - Shot Misses the Net.
16:40 of 3rd period - Wrist shot by Michael Eyssimont.
16:40 of 3rd period - Stopped by Elvis Merzlikins with a rebound.
17:32 of 3rd period - Off-side.
17:33 of 3rd period - Ross Colton wins face-off versus Trent Frederic in neutral zone.
17:42 of 3rd period - Backhand shot by Brandon Tanev.
17:42 of 3rd period - Shot Blocked by Jakub Zboril.
17:57 of 3rd period - Icing by Tyler Bertuzzi.
17:58 of 3rd period - Mason McTavish wins face-off versus Michael Eyssimont in Arizona Coyotes zone.
18:07 of 3rd period - Snap shot by Mason McTavish.
18:07 of 3rd period - Shot Blocked by K'Andre Miller.
18:13 of 3rd period - Slapshot by Noah Dobson.
18:13 of 3rd period - Stopped by Elvis Merzlikins without a rebound.
18:14 of 3rd period - Charlie Coyle wins face-off versus Logan Cooley in Arizona Coyotes zone.
18:25 of 3rd period - Slapshot by Noah Dobson.
18:25 of 3rd period - Shot Misses the Net.
18:27 of 3rd period - Wrist shot by Seth Jarvis.
18:27 of 3rd period - Stopped by Elvis Merzlikins without a rebound.
18:28 of 3rd period - Erik Haula wins face-off versus Adam Fantilli in Arizona Coyotes zone.
18:50 of 3rd period - Minor Penalty to Andrei Svechnikov for Interference.
18:51 of 3rd period - Andrei Kuzmenko wins face-off versus Charlie Coyle in Los Angeles Kings zone.
19:02 of 3rd period - Snap shot by Charlie Coyle.
19:02 of 3rd period - Shot Misses the Net.
19:04 of 3rd period - Snap shot by Mats Zuccarello.
19:04 of 3rd period - Stopped by Jonas Johansson with a rebound.
19:06 of 3rd period - Snap shot by Mats Zuccarello.
19:06 of 3rd period - Stopped by Jonas Johansson without a rebound.
19:07 of 3rd period - Mason McTavish wins face-off versus Andrei Kuzmenko in Los Angeles Kings zone.
19:12 of 3rd period - Snap shot by Mason McTavish.
19:12 of 3rd period - Shot Misses the Net.
19:14 of 3rd period - Wrist shot by Jared Spurgeon.
19:14 of 3rd period - Deflect By Owen Power.
19:14 of 3rd period - Stopped by Jonas Johansson without a rebound.
19:15 of 3rd period - Mason McTavish wins face-off versus Andrei Kuzmenko in Los Angeles Kings zone.
19:20 of 3rd period - Snap shot by Ryan Donato.
19:20 of 3rd period - Shot Misses the Net.
19:22 of 3rd period - Slapshot by Brayden McNabb.
19:22 of 3rd period - Shot Blocked by Owen Power.
19:39 of 3rd period - Snap shot by Mason McTavish.
19:39 of 3rd period - Goal by Mason McTavish - Arizona Coyotes : 4 - Los Angeles Kings : 6.
19:40 of 3rd period - Michael Eyssimont wins face-off versus Kiefer Sherwood in neutral zone.
19:47 of 3rd period - Snap shot by Andrei Kuzmenko.
19:47 of 3rd period - Stopped by Elvis Merzlikins without a rebound.
19:48 of 3rd period - Kiefer Sherwood wins face-off versus Michael Eyssimont in Arizona Coyotes zone.
Goals for this period are 2 for Arizona Coyotes vs 3 for Los Angeles Kings.
Shots for this period are 14 for Arizona Coyotes vs 15 for Los Angeles Kings.
Back to the Top